 Dungeon Crawl Stone Soup version 0.18.1-50-g88ac8fd (webtiles) character file.

260 Monkfish the Sneak (level 6, -11/36 HPs)
             Began as a Kobold Assassin on Oct 22, 2016.
             Killed from afar by a quokka (41 damage)
             ... with an exploding inner flame
             ... hexed by the player character
             ... on level 3 of the Dungeon.
             The game lasted 00:05:37 (3010 turns).

Monkfish the Sneak (Kobold Assassin)                Turns: 3010, Time: 00:05:38

Health: -11/36     AC:  3    Str: 10    XL:     6   Next: 41%
Magic:  6/6        EV: 14    Int:  9    God:
Gold:   215        SH:  0    Dex: 19    Spells: 0 memorised, 5 levels left

rFire  . . .     SeeInvis .     a - +2 dagger
rCold  . . .     Gourm    .     c - +0 robe
rNeg   . . .     Faith    .     (shield restricted)
rPois  .         Spirit   .     (no helmet)
rElec  .         Dismiss  .     d - +0 cloak
rCorr  .         Reflect  .     (no gloves)
SustAt .         Harm     .     (no boots)
MR     .....                    (no amulet)
Stlth  ++++......               (no ring)
                                (no ring)

@: not resistant to hostile enchantments, stealthy
A: carnivore 3
a: no special abilities


You were on level 3 of the Dungeon.
You were not hungry.

You visited 1 branch of the dungeon, and saw 3 of its levels.

You collected 215 gold pieces.

Inventory:

Hand Weapons
 a - a +2 dagger (weapon)
 b - a +1 blowgun
Missiles
 e - 10 poisoned needles
 f - a curare-tipped needle
Armour
 c - a +0 robe (worn)
 d - a +0 cloak (worn)
Jewellery
 i - an uncursed ring of teleportation
Wands
 o - a wand of paralysis (19/24)
Scrolls
 k - 3 scrolls of remove curse
 n - 4 scrolls of identify
Potions
 h - 2 potions of agility
 p - a potion of curing {unknown}
 q - 2 potions of might {unknown}
 r - a potion of flight {unknown}
 s - a potion of resistance {unknown}
 t - a potion of mutation {unknown}
Comestibles
 g - a meat ration
 m - 2 beef jerkies


   Skills:
 + Level 2.4 Fighting
 + Level 3.4 Short Blades
 * Level 5.0 Throwing
 - Level 1.2 Dodging
 + Level 7.6 Stealth


You had 5 spell levels left.
You didn't know any spells.

Dungeon Overview and Level Annotations

Branches:
Dungeon (3/15)

Altars:
Ru
Sif Muna
Zin


Innate Abilities, Weirdness & Mutations

You are small and have problems with some larger weapons.
You are carnivorous and can eat meat at any time.


Message History

The quokka is poisoned.
Press: ? - help, v - describe, . - travel
Here: a quokka (poisoned, inner flame)
The floor.
Wield which item (- for none, * to show all)? (? for menu, Esc to quit)
a - a +2 dagger (weapon)
You hit the quokka.
The quokka is moderately wounded.
The quokka misses you.
You hit the quokka.
The quokka is heavily wounded.
The quokka closely misses you.
You barely miss the quokka.
The quokka is heavily wounded.
The quokka bites you.
You hit the quokka.
The quokka explodes!
The fiery explosion engulfs you!
Ouch! That really hurt!
You die...

#........ #
#........ .#
##........
#####.#.##........
##.......######.###
##.....(.(# #..###
#..........# #.....
#..§§......# ####..
#..@§§.....# #...
#..§.§.....# #.#.
#..........### ##.#.
##...........###..#.
##........##..(#.#..
#.............<.(...
#................#..
#................#..
#...............##..


There were no monsters in sight!

Vanquished Creatures
  Sigmund (D:3)
  3 adders
  An ooze (D:2)
  2 worms (D:2)
  3 dart slugs
  A giant gecko (D:1)
  A ball python (D:2)
  3 bats
  A giant cockroach (D:2)
  5 goblins
  9 hobgoblins
  3 jackals (D:2)
  12 kobolds
  2 quokkas
  2 giant newts
  5 rats
54 creatures vanquished.

Vanquished Creatures (others)
  A bat (D:1)
1 creature vanquished.

Grand Total: 55 creatures vanquished

Notes
Turn   | Place    | Note
--------------------------------------------------------------
     0 | D:1      | Monkfish the Kobold Assassin began the quest for the Orb.
     0 | D:1      | Reached XP level 1. HP: 12/12 MP: 1/1
   192 | D:1      | Reached XP level 2. HP: 14/17 MP: 2/2
   703 | D:1      | Reached skill level 6 in Stealth
   891 | D:2      | Reached XP level 3. HP: 21/21 MP: 3/3
   896 | D:2      | Found a sacrificial altar of Ru.
  1124 | D:2      | Found a deep blue altar of Sif Muna.
  1184 | D:2      | Reached XP level 4. HP: 21/26 MP: 4/4
  1826 | D:3      | Noticed Sigmund
  2069 | D:3      | Found a faded altar to an unknown god.
  2654 | D:3      | Found a glowing silver altar of Zin.
  2713 | D:3      | Reached skill level 7 in Stealth
  2713 | D:3      | Reached XP level 5. HP: 30/30 MP: 5/5
  2790 | D:3      | Killed Sigmund
  2790 | D:3      | Reached skill level 5 in Throwing
  2790 | D:3      | Reached XP level 6. HP: 9/36 MP: 6/6
  3010 | D:3      | Killed from afar by a quokka

Skill      XL: |  1  2  3  4  5 |
---------------+----------------+-----
Stealth        | 6 7 |  7.6
Throwing       | 3 5 |  5.0
Short Blades   | 3 |  3.4
Fighting       | |  2.4
Dodging        | |  1.2

Action                   |  1- 3 |  4- 6 || total
-------------------------+-------+-------++-------
Melee: Dagger            |    39 |    94 ||   133
 Fire: Blowgun           |    17 |    30 ||    47
  Use: Scroll            |     4 |     4 ||     8
       Potion            |     1 |       ||     1
 Stab: Sleeping          |     7 |     4 ||    11
  Eat: Chunk             |     6 |     3 ||     9
Armor: Robe              |     5 |    20 ||    25
Dodge: Dodged            |    31 |    71 ||   102
